 Dungeon Crawl Stone Soup version 0.25.1-2-g60ff931df9 (webtiles) character file.

Game seed: 8364549075284831076

98 JakoBeide the Cudgeler (level 4, -3/41 HPs)
             Began as a Minotaur Monk on Nov 18, 2020.
             Was a Believer of Qazlal.
             Slain by an ogre
             ... wielding a +0 giant club
              (4 damage)
             ... on level 3 of the Dungeon.
             The game lasted 00:14:57 (2140 turns).

JakoBeide the Cudgeler (Minotaur Monk)              Turns: 2140, Time: 00:14:58

Health: -3/41      AC: 11    Str: 17    XL:     4   Next: 44%
Magic:  3/3        EV:  6    Int:  7    God:    Qazlal [**....]
Gold:   136        SH:  2    Dex: 12    Spells: 3/3 levels left

rFire    + . .     SeeInvis .   a - +1 mace
rCold    x . .     Gourm    .   (no shield)
rNeg     . . .     Faith    .   s - +0 plate armour
rPois    .         Spirit   .   (helmet restricted)
rElec    .         Reflect  .   (no cloak)
rCorr    .         Harm     .   o - +0 pair of gloves
MR       .....                  (no boots)
Stlth    ..........             (no amulet)
HPRegen  0.13/turn              A - ring of fire
MPRegen  0.08/turn              (no ring)

@: brilliant, very slightly contaminated
A: retaliatory headbutt, horns 2
a: Upheaval, Renounce Religion


You were on level 3 of the Dungeon.
You worshipped Qazlal.
Qazlal was pleased with you.
You were not hungry.

You visited 1 branch of the dungeon, and saw 3 of its levels.

You collected 136 gold pieces.

Inventory:

Hand Weapons
 a - a +1 mace (weapon)
 e - a +0 club
 f - a +0 whip
 h - a +0 dagger
 i - a +0 club
 j - a +0 short sword
 k - a +0 club
 m - a +0 whip
 p - a +0 short sword
 r - a +0 whip
 t - a +0 club
 v - a +0 whip
 B - a +0 club
 C - a +0 club
 D - a +0 club
 F - a +0 dagger
 G - a +0 short sword
Missiles
 d - 19 poisoned darts (quivered)
 l - 43 stones
Armour
 b - a +0 robe
 g - a +0 leather armour
 o - a +0 pair of gloves (worn)
 s - a +0 plate armour (worn)
Jewellery
 A - a ring of fire (left hand)
Wands
 u - a wand of clouds (5)
Scrolls
 n - a scroll of fog
 w - a scroll of enchant weapon
 y - 2 scrolls of teleportation {unknown}
 z - 3 scrolls of fear {unknown}
 E - 2 scrolls of remove curse {unknown}
 H - a scroll of enchant armour {unknown}
 I - a scroll of magic mapping {unknown}
Potions
 q - 3 potions of curing
Comestibles
 c - 3 rations


   Skills:
 + Level 4.4 Fighting
 + Level 5.1 Maces & Flails
 + Level 0.2 Armour
 + Level 3.9 Dodging
 + Level 1.9 Stealth


You had 3 spell levels left.
You didn't know any spells.
Your spell library was empty.

Dungeon Overview and Level Annotations

Branches:
Dungeon (3/15)

Altars:
Ashenzari
Qazlal
Uskayaw
Xom


Innate Abilities, Weirdness & Mutations

You reflexively headbutt those who attack you in melee.
You have a pair of horns on your head.


Message History

a +0 whip; a kobold corpse
r - a +0 whip
d - 18 poisoned darts (gained 1)
d - 19 poisoned darts (gained 1)
Found a shattered altar of Ashenzari.
Press: ? - help, v - describe, . - travel The floor.
You flicker for a moment.
There is a shattered altar of Ashenzari here.
You kneel at the altar of Ashenzari.
An ogre comes into view. It is wielding a +0 giant club.
You flicker back into view.
The ogre shouts!
There is a shattered altar of Ashenzari here.
The ogre is struck by lightning.
The ogre hits you with a +0 giant club.
You hear a shout! x4
The ogre hits you with a +0 giant club!!
* * * LOW HITPOINT WARNING * * *
The ogre hits you with a +0 giant club.
You die...

#....†.##........###..#.
#......########### #....
###..#.### ##...
#...#...######## ##..
#<#####.##..>..######..
.....#...##.....#.......
#####.#.####.....#.###<#.
#.# #...####..<..# #.#.
#.# ##..@..†.....# ....
#.######..O##########
#..#. #.. ..#....# #..#.
#.# #.#....#### .....
##.###.#.......### #.###
.####...##.#.........# #.
......_.......#........
##.##...####..#..#.#...
#.###.## #.......# ..


You could see an ogre.

Vanquished Creatures
  4 adders
  A worm (D:2)
  A leopard gecko (D:3)
  6 bats
  3 giant cockroaches
  7 goblins
  8 hobgoblins
  5 jackals
  2 frilled lizards
  9 kobolds
  8 rats
54 creatures vanquished.

Notes
Turn   | Place    | Note
-------+----------+-------------------------------------------
     0 | D:1      | JakoBeide the Minotaur Monk began the quest for the Orb.
     0 | D:1      | Reached XP level 1. HP: 19/19 MP: 0/0
   233 | D:1      | Reached XP level 2. HP: 23/27 MP: 1/1
   322 | D:1      | Reached skill level 4 in Maces & Flails
  1025 | D:2      | Reached XP level 3. HP: 33/33 MP: 2/2
  1537 | D:2      | Reached XP level 4. HP: 39/41 MP: 3/3
  1570 | D:2      | Found a shimmering altar of Xom.
  1570 | D:2      | Found a stormy altar of Qazlal.
  1570 | D:2      | Found a hide-covered altar of Uskayaw.
  1598 | D:2      | Became a worshipper of Qazlal Stormbringer
  1598 | D:2      | Reached * piety under Qazlal
  1598 | D:2      | Reached ** piety under Qazlal
  1954 | D:3      | Found a faded altar of an unknown god.
  2035 | D:3      | Reached skill level 5 in Maces & Flails
  2107 | D:3      | Found a shattered altar of Ashenzari.
  2120 | D:3      | Noticed an ogre
  2137 | D:3      | HP: 1/41 [ogre/+0 giant club (18)]
  2140 | D:3      | Slain by an ogre

Illustrated notes

Levels and vault maps discovered:
D:1:      dpeg_arrival_windows_large_door, layout_basic, dk_noncrumbling_4
D:2:      cheibrodos_old_hovel, layout_loops_ring,
          gammafunk_temple_overflow_claw, first_ration
D:3:      layout_loops_cross, nicolae_overflow_crystal_walls,
          grunt_gozag_breadcrumbs, chequers_ecumenical_altar_simple,
          trog_three_pillars_becter, uniq_crazy_yiuf_cottage

Skill      XL: |  1  2  3  4 |
---------------+-------------+-----
Maces & Flails | 4 5 |  5.1
Fighting       | 4 |  4.4
Armour         | |  0.2
Dodging        | |  3.9
Stealth        | |  1.9

Action                   |  1- 3 |  4- 6 || total
-------------------------+-------+-------++-------
Melee: Mace              |    84 |    19 ||   103
       Headbutt          |    12 |     7 ||    19
  Use: Scroll            |     3 |       ||     3
       Potion            |       |     3 ||     3
 Stab: Sleeping          |     1 |       ||     1
  Eat: Chunk             |     2 |     1 ||     3
       Ration            |       |     1 ||     1
Armor: Leather armour    |    15 |       ||    15
       Plate armour      |    38 |    12 ||    50
Dodge: Dodged            |    52 |    12 ||    64
Block: Other             |       |     3 ||     3
